 Dungeon Crawl Stone Soup version 0.27-a0-760-gc38aae387d (webtiles) character file.

Game seed: 14555997845216151243

52 leviel the Magician (level 3, -1/25 HPs)
             Began as a Djinni Conjurer on Mar 24, 2021.
             Killed from afar by Natasha (7 damage)
             ... with a magic dart
             ... on level 2 of the Dungeon.
             The game lasted 00:02:31 (1292 turns).

leviel the Magician (Djinni Conjurer)               Turns: 1292, Time: 00:02:32

Health: -1/25      AC:  2    Str:  6    XL:     3   Next: 85%
Gold:   55         EV: 12    Int: 20    God:
                   SH:  0    Dex: 11

rFire    + + .     SeeInvis .   j - +0 falchion
rCold    x . .     Faith    .   (no shield)
rNeg     . . .     Spirit   .   a - +0 robe
rPois    ∞         Reflect  .   (no helmet)
rElec    .         Harm     .   (no cloak)
rCorr    .         Rampage  .   (no gloves)
Will     .....                  (boots unavailable)
Stlth    ++........             (no amulet)
HPRegen  0.08/turn              (no ring)
MPRegen  0.00/turn              (no ring)

@: flying, slowed, very slow
A: fire resistance 2, cold vulnerability 1, float, innate caster, hp casting,
extra vitality 1
a: no special abilities


You were on level 2 of the Dungeon.
You visited 1 branch of the dungeon, and saw 2 of its levels.

You collected 55 gold pieces.

Inventory:

Hand Weapons
 j - a +0 falchion (weapon)
Missiles
 f - 4 atropa-tipped darts
Armour
 a - a +0 robe (worn)
 d - a +1 ring mail of positive energy
Scrolls
 b - a scroll of magic mapping {unknown}
 g - a scroll of identify {unknown}
Potions
 c - a potion of attraction {unknown}
 e - a potion of brilliance {unknown}
 h - 2 potions of heal wounds {unknown}
 i - a potion of magic {unknown}


   Skills:
 + Level 2.8 Dodging
 + Level 2.2 Stealth
 * Level 4.2 Spellcasting


You couldn't memorise any spells.
You knew the following spells:

 Your Spells              Type           Power      Damage    Failure   Level
a - Magic Dart            Conj           84%        1d7       2%          1
b - Searing Ray           Conj           42%        3d4       3%          2
c - Dazzling Flash        Conj/Hex       42%        N/A       7%          3
d - Fulminant Prism       Conj/Hex       10%        3d9       22%         4
e - Iskenderun's Mystic   Conj/Tloc      21%        2d6       22%         4
f - Beastly Appendage     Tmut           42%        N/A       2%          1
Your spell library was empty.

Dungeon Overview and Level Annotations

Branches:
Dungeon (2/15)

Altars:

Annotations:
D:2 Natasha


Innate Abilities, Weirdness & Mutations

You are immune to poison.
Your flesh is very heat resistant. (rF++)
You are vulnerable to cold. (rC-)
You float through the air rather than walking.
You learn spells naturally, not from books.
Your magical power is your life essence.
You have superior vitality. (+4 HP)


Message History

You can't see any susceptible monsters within range! (Use Z to cast anyway.)
A rat comes into view.
The magic dart hits Natasha.
Natasha is heavily wounded.
The rat twitches its whiskers.
The magic dart hits Natasha.
Natasha is severely wounded.
The magic dart hits Natasha but does no damage.
Natasha is severely wounded.
Natasha misses you.
You riposte.
You hit Natasha.
Natasha is almost dead.
The magic dart hits Natasha.
You kill Natasha!
Natasha screams in fury as she dies!
The magic dart hits the rat!
You kill the rat!
You can't see any susceptible monsters within range! (Use Z to cast anyway.) Natasha, Servant of Life and Death comes into view.
The magic dart hits Natasha!
Natasha is heavily wounded.
The magic dart hits Natasha but does no damage.
Natasha is heavily wounded.
The magic dart hits Natasha.
Natasha is heavily wounded.
The magic dart hits Natasha.
Natasha is severely wounded.
Natasha stares at you and mumbles some strange words.
The magic dart hits you!
You are too injured to fight recklessly!
You are too injured to fight recklessly!
Natasha mumbles some strange words.
Natasha stares at you and mumbles some strange words.
The magic dart hits you.
* * * LOW HITPOINT WARNING * * *
The crimson imp blinks!
Natasha stares at you and mumbles some strange words.
You feel yourself slow down.
Natasha stares at you and mumbles some strange words.
The magic dart hits you!
You die...

#.#......#
.. #......#
..#
#......# .
#..h...#
#......####
#..........
###...#####
###.#.##..
#.@......#
#.#######.#
.. .# ... .
##. #


You could see Natasha.

Vanquished Creatures
  Natasha (D:2)
  A worm (D:2)
  2 ball pythons
  4 bats
  3 endoplasms
  A giant cockroach (D:2)
  2 goblins (D:2)
  4 quokkas
  2 kobolds (D:1)
  3 rats
23 creatures vanquished.

Notes
Turn   | Place    | Note
-------+----------+-------------------------------------------
     0 | D:1      | leviel the Djinni Conjurer began the quest for the Orb.
     0 | D:1      | Reached XP level 1. HP: 15/15 MP: 0/0
   338 | D:1      | Reached XP level 2. HP: 20/21 MP: 0/0
  1102 | D:2      | Reached skill level 4 in Spellcasting
  1104 | D:2      | Reached XP level 3. HP: 21/25 MP: 0/0
  1104 | D:2      | Learned a level 1 spell: Beastly Appendage
  1239 | D:2      | Noticed Natasha
  1253 | D:2      | Killed Natasha
  1278 | D:2      | Noticed Natasha
  1292 | D:2      | Killed from afar by Natasha

Illustrated notes

Levels and vault maps discovered:
D:1:      mrwooster_arrival_arrow, layout_loops_ring
D:2:      layout_rooms, interstate_on_off, nicolae_ru_awakened_eye,
          uniq_sigmund, uniq_natasha

Skill      XL: |  1  2 |
---------------+-------+-----
Stealth        | 2 |  2.2
Spellcasting   | 4 |  4.2
Dodging        | |  2.8

Action                   || total
-------------------------++-------
 Cast: Magic Dart        ||    53
Armor: Robe              ||     2
Dodge: Dodged            ||     3
       Rpst.: Falchion   ||     1

Table legend: (Time is in decaauts)
 A = Elapsed time spent in this place.
 B = Non-inter-level travel time spent in this place.
 C = Inter-level travel time spent in this place.
 D = Time resting spent in this place.
 E = Time spent auto-exploring this place.
 F = Levels seen in this place.
 G = Mean time per level.
                   A        B        C        D        E       F      G
               +--------+--------+--------+--------+--------+-----+--------+
         Total |   1291 |   1257 |     34 |      0 |   1121 |   2 |  645.5 |
       Dungeon |   1291 |   1257 |     34 |      0 |   1121 |   2 |  645.5 |
               +--------+--------+--------+--------+--------+-----+--------+

Top non-repeatable levels by time:
     D:1: 965 daAuts
     D:2: 326 daAuts
